 Dungeon Crawl Stone Soup version 0.31-a0-188-g5e087ee2ca (webtiles) character file.

Game seed: 10647401291279980324

77 qw the Shooter (level 4, -4/25 HPs)
             Began as a Deep Elf Hunter on June 23, 2023.
             Killed from afar by Sigmund (9 damage)
             ... with a puff of flame
             ... on level 3 of the Dungeon.
             The game lasted 00:00:29 (886 turns).

qw the Shooter (Deep Elf Hunter)                     Turns: 886, Time: 00:00:29

Health: -4/25      AC:  3    Str: 10    XL:     4   Next: 14%
Magic:  6/6        EV: 12    Int: 14    God:
Gold:   35         SH:  0    Dex: 18    Spells: 3/3 levels left

rFire   . . .        Y - +0 shortbow
rCold   . . .        (shield currently unavailable)
rNeg    . . .        c - +0 leather armour
rPois   .            (no helmet)
rElec   .            (no cloak)
rCorr   +            (no gloves)
SInv    .            (no boots)
Will    .....        d - amulet of faith
Stlth   ++           f - ring of resist corrosion
HPRegen 0.24/turn    (no ring)
MPRegen 0.10/turn

%: faith
@: no status effects
A: screaming 1, MP-powered wands
a: no special abilities


You were on level 3 of the Dungeon.
You visited 1 branch of the dungeon, and saw 3 of its levels.

You collected 35 gold pieces.


Innate Abilities, Weirdness & Mutations

You occasionally shout uncontrollably at your foes.
You expend magic power (3 MP) to strengthen your wands.


   Skills:
 - Level 1.5 Fighting
 + Level 7.5 Ranged Weapons
 - Level 2.4 Dodging
 - Level 1.2 Stealth


You had 3 spell levels left.
You didn't know any spells.
Your spell library was empty.

Inventory:

Hand Weapons
 Y - a +0 shortbow (weapon)
Armour
 c - a +0 leather armour (worn)
Jewellery
 a - a +6 ring of dexterity
 d - an amulet of faith (around neck)
 f - a ring of resist corrosion (left hand)
Scrolls
 b - a scroll of immolation {unknown}
Potions
 e - a potion of brilliance {unknown}
 g - a potion of curing {unknown}
 h - a potion of resistance

Dungeon Overview and Level Annotations

Branches:
Dungeon (3/15)

Altars:
Trog

Annotations:
D:3 Sigmund


Message History

The arrow hits Sigmund but does no damage.
You shoot an arrow. The arrow hits Sigmund.
Sigmund is lightly wounded.
You shoot an arrow. The arrow hits Sigmund.
Sigmund is moderately wounded.
You shoot an arrow.
The arrow hits Sigmund but does no damage.
Sigmund is moderately wounded.
Sigmund hits you but does no damage.
You shoot an arrow. The arrow hits Sigmund.
Sigmund is heavily wounded.
Sigmund hits you from afar with a +0 scythe!
You shoot an arrow. The arrow hits Sigmund.
Sigmund is heavily wounded.
You shoot an arrow. The arrow hits Sigmund!
Sigmund is severely wounded.
Sigmund hits you from afar with a +0 scythe.
You shoot an arrow.
The arrow hits Sigmund but does no damage.
Sigmund is severely wounded.
Sigmund misses you.
You shoot an arrow. The arrow completely misses Sigmund.
Sigmund hits you from afar with a +0 scythe!
880 ||| UPGRADING to amulet of faith.
You start putting on your amulet.
You continue putting on your amulet of faith. x2
Sigmund closely misses you.
You continue putting on your amulet of faith.
Sigmund closely misses you.
You continue putting on your amulet of faith. x2
Sigmund closely misses you.
You finish putting on your amulet of faith.
You feel a strange surge of divine interest.
d - an amulet of faith (around neck)
Enter note:
Enter note: Sigmund looks at you with fury.
Sigmund points at you and mumbles some strange words.
The puff of flame hits you!
You die...

#. #...#.###.#
#.##......##.####### ###
#.#....#..........# ..#
#%..#...##.#####.# #
#.#.#..##(###.## #.####
..##.##..........#
#.#...
....)....##.###..#
#.#.##
..#.............##
#.....
##....@...##...###...##
#%.@#...............#
~~%...#.##.##...###.#.##
~~~~....#.# .###.##
#...(. ##~~~...#.# .#
#.# ####.# ~~~~~~#.#.#
#.# #.# ~.~~~~#%... #.#
#.# ...~~...... #.# #.#
#.# #.#


You could see Sigmund.

Vanquished Creatures
  An adder (D:2)
  6 dart slugs
  An orc (D:3)
  7 bats
  2 endoplasms
  A giant cockroach (D:1)
  6 goblins (D:1)
  4 hobgoblins (D:1)
  2 jackals (D:3)
  3 kobolds (D:1)
  4 quokkas
  6 ball pythons
  2 frilled lizards (D:1)
  5 rats
50 creatures vanquished.

Notes
Turn   | Place    | Note
-------+----------+-------------------------------------------
     0 | D:1      | qw the Deep Elf Hunter began the quest for the Orb.
     0 | D:1      | Reached XP level 1. HP: 12/12 MP: 3/3
     0 | D:1      | 0 ||| qw: Version: 0.3-a-9-g12657ce
     0 | D:1      | 0 ||| qw: Game counter: 3790
     0 | D:1      | 0 ||| qw: Always use a shield: true
     0 | D:1      | 0 ||| qw: God list: Okawaru
     0 | D:1      | 0 ||| qw: Allow faded altars: false
     0 | D:1      | 0 ||| qw: Do Orc after D:15 true
     0 | D:1      | 0 ||| qw: Do second Lair branch before Depths: true
     0 | D:1      | 0 ||| qw: Lair rune preference: random
     0 | D:1      | 0 ||| qw: Plans: Normal
     0 | D:1      | 0 ||| PLANNING D:1-11
    55 | D:1      | Reached skill level 6 in Ranged Weapons
    55 | D:1      | Reached XP level 2. HP: 16/16 MP: 4/4
   161 | D:1      | Reached XP level 3. HP: 20/20 MP: 5/5
   201 | D:1      | Found a faded altar of an unknown god.
   518 | D:1      | 518 ||| UPGRADING to ring of resist corrosion.
   519 | D:1      | 519 ||| DROPPING +6 ring of intelligence.
   520 | D:1      | 520 ||| READING scroll labelled KIDYSOSAENT.
   521 | D:1      | 521 ||| READING scroll labelled SETALLATIG.
   522 | D:1      | 522 ||| READING scroll labelled WUIMOI BIFE.
   525 | D:1      | 525 ||| DRINKING 2 glowing golden potions.
   526 | D:1      | 526 ||| DRINKING 2 lumpy golden potions.
   526 | D:1      | Gained mutation: Potions are less effective at restoring
                  | your health. [potion of mutation]
   526 | D:1      | Gained mutation: Your natural rate of healing is unusually
                  | fast. [potion of mutation]
   526 | D:1      | Gained mutation: Your mind is acute. (Int +4, Str/Dex -1)
                  | [potion of mutation]
   527 | D:1      | 527 ||| DRINKING potion of mutation.
   527 | D:1      | Lost mutation: Potions are less effective at restoring your
                  | health. [potion of mutation]
   527 | D:1      | Lost mutation: Your mind is acute. (Int +4, Str/Dex -1)
                  | [potion of mutation]
   527 | D:1      | Lost mutation: Your natural rate of healing is unusually
                  | fast. [potion of mutation]
   527 | D:1      | Gained mutation: You occasionally shout uncontrollably at
                  | your foes. [potion of mutation]
   527 | D:1      | Gained mutation: You expend magic power (3 MP) to
                  | strengthen your wands. [potion of mutation]
   528 | D:1      | 528 ||| DROPPING scroll of butterflies.
   614 | D:2      | Reached skill level 7 in Ranged Weapons
   685 | D:2      | You fall into a shaft and drop 1 floor!
   754 | D:3      | Found a bloodstained altar of Trog.
   830 | D:3      | Reached XP level 4. HP: 18/25 MP: 6/6
   868 | D:3      | Noticed Sigmund
   879 | D:3      | HP: 4/25 [Sigmund/+0 scythe (11)]
   880 | D:3      | 880 ||| UPGRADING to amulet of faith.
   886 | D:3      | Killed from afar by Sigmund

Levels and vault maps discovered:
D:1:      minmay_arrival_glassed_features, layout_basic,
          shapermc_ecumenical_altar_venn
D:2:      layout_basic
D:3:      kennysheep_slugbush, layout_loops_ring, bloody_trog, uniq_sigmund

Skill      XL: |  1  2  3 |
---------------+----------+-----
Ranged Weapons | 6 7 |  7.5
Fighting       | |  1.5
Dodging        | |  2.4
Stealth        | |  1.2

Action                     |  1- 3 |  4- 6 || total
---------------------------+-------+-------++-------
   Fire: Shortbow          |   100 |    21 ||   121
    Use: Scroll            |     3 |       ||     3
         Potion            |     3 |       ||     3
 Armour: Leather armour    |     3 |     1 ||     4
  Dodge: Dodged            |    16 |     4 ||    20

Table legend:
 A = Non-vault XP
 B = Vault XP
 C = Vault XP percentage of total XP
 D = Non-vault monster count
 E = Vault monster count
 F = Vault count percentage of total count
                 A         B        C        D         E       F
            +---------+---------+-------+---------+---------+-------
      Total |      95 |      16 |  14.4 |      46 |       4 |   8.0
            +---------+---------+-------+---------+---------+-------
        D:1 |      62 |       0 |   0.0 |      33 |       0 |   0.0
        D:2 |      16 |       0 |   0.0 |       3 |       0 |   0.0
        D:3 |      17 |      16 |  48.5 |      10 |       4 |  28.6
            +---------+---------+-------+---------+---------+-------
